 Dungeon Crawl Stone Soup version 0.23-a0-635-g88ca12a (webtiles) character file.

10716 zishaf the Destroyer (level 11, -5/71 HPs)
             Began as a Tengu Conjurer on Dec 27, 2018.
             Was an Elder of Vehumet.
             Slain by an ice devil (15 damage)
             ... on level 11 of the Dungeon on Dec 28, 2018.
             The game lasted 00:37:05 (16650 turns).

zishaf the Destroyer (Tengu Conjurer)              Turns: 16650, Time: 00:37:05

Health: -5/71      AC:  9    Str:  8    XL:     11   Next: 66%
Magic:  9/19       EV:  9    Int: 19    God:    Vehumet [****..]
Gold:   562        SH:  3    Dex: 15    Spells: 3/20 levels left

rFire    . . .     SeeInvis .   l - +1 whip (venom)
rCold    . . .     Gourm    +   J - +0 buckler
rNeg     . . .     Faith    .   e - +0 ring mail {rPois}
rPois    +         Spirit   .   y - +2 hat
rElec    .         Reflect  .   G - +0 cloak
rCorr    +         Harm     .   w - +0 pair of gloves
MR       .....                  (boots unavailable)
Stlth    +.........             o - amulet of the gourmand (curse)
HPRegen  0.21/turn              r - ring of poison resistance
MPRegen  0.16/turn              M - ring of resist corrosion

@: very heavily drained
A: beak, talons 3, able to fly 1
a: Fly, Renounce Religion


You were on level 11 of the Dungeon.
You worshipped Vehumet.
Vehumet was greatly pleased with you.
You were not hungry.

You visited 2 branches of the dungeon, and saw 12 of its levels.
You also visited: Ossuary.

You collected 562 gold pieces.

Inventory:

Hand Weapons
 l - a +1 whip of venom (weapon)
Armour
 e - a +0 ring mail of poison resistance (worn)
 w - a +0 pair of gloves (worn)
 y - a +2 hat (worn)
 G - a +0 cloak (worn)
 J - a +0 buckler (worn)
Magical Staves
 E - an uncursed staff of summoning
Jewellery
 o - a cursed amulet of the gourmand (around neck)
 r - a ring of poison resistance (left hand)
 M - a ring of resist corrosion (right hand)
Wands
 A - a wand of iceblast (8)
 C - a wand of flame (15)
 F - a wand of polymorph (22)
 L - a wand of scattershot (7)
Scrolls
 a - a scroll of immolation {unknown}
 b - 8 scrolls of teleportation
 g - 2 scrolls of amnesia
 h - 2 scrolls of blinking {unknown}
 j - 2 scrolls of noise {unknown}
 m - 2 scrolls of fear
 q - 2 scrolls of enchant weapon {unknown}
 B - 6 scrolls of remove curse {unknown}
 D - 2 scrolls of random uselessness {unknown}
 N - a scroll of identify
 O - a scroll of acquirement {unknown}
Potions
 d - 2 potions of mutation {unknown}
 f - 3 potions of cancellation {unknown}
 i - 2 potions of ambrosia {unknown}
 k - 4 potions of lignification
 n - 2 potions of might
 p - a potion of resistance {unknown}
 s - a potion of agility {unknown}
 t - 2 potions of flight {unknown}
 u - a potion of degeneration {unknown}
 v - 3 potions of curing {unknown}
 x - 6 potions of haste
 z - 3 potions of brilliance {unknown}
 H - 2 potions of heal wounds
 I - a potion of magic {unknown}
Miscellaneous
 K - a lightning rod (inert)
Comestibles
 c - 17 rations


   Skills:
 + Level 9.4(3.5) Fighting
 - Level 8.0(2.3) Armour
 + Level 6.3(0.8) Dodging
 - Level 2.0(0.0) Stealth
 - Level 4.0(0.0) Shields
 - Level 5.0(0.0) Spellcasting
 + Level 11.6(5.4) Conjurations
 - Level 6.2(0.8) Fire Magic
 + Level 3.6(0.0) Air Magic
 - Level 2.0(0.0) Evocations


You had 3 spell levels left.
You knew the following spells:

 Your Spells              Type           Power        Failure   Level  Hunger
a - Magic Dart            Conj           ###.         3%          1    ##.....
b - Searing Ray           Conj           ###...       4%          2    ###....
c - Iskenderun's Mystic   Conj           ###.....     28%         4    #####..
d - Throw Flame           Conj/Fire      ##....       12%         2    ###....
e - Lightning Bolt        Conj/Air       ##........   90%         5    ######.
z - Conjure Flame         Conj/Fire      ##......     22%         3    ####...

Your spell library contained the following spells:

 Spells                   Type           Power        Failure   Level  Hunger
 Dazzling Spray           Conj/Hex       ##....       26%         3    ####...
 Animate Skeleton         Necr           N/A          71%         1    ##.....
 Confusing Touch          Hex            #.....       71%         1    ##.....
 Pain                     Necr           #...         71%         1    ##.....
 Confuse                  Hex            #.......     97%         3    ####...
 Gell's Gravitas          Tloc           #.........   97%         3    ####...
 Regeneration             Chrm/Necr      #.........   97%         3    ####...
 Vampiric Draining        Necr           #.........   97%         3    ####...
 Force Lance              Conj/Tloc      ##......     61%         4    #####..
 Fulminant Prism          Conj/Hex       ##........   61%         4    #####..
 Yara's Violent Unravell  Hex/Tmut       #.........   99%         5    ######.
 Animate Dead             Necr           N/A          100%        4    #####..
 Petrify                  Tmut/Erth      #.......     100%        4    #####..
 Metabolic Englaciation   Hex/Ice        #.........   100%        5    ######.


Dungeon Overview and Level Annotations

Branches:
Dungeon (11/15)            Temple (1/1) D:4            Lair (0/6) D:8
    Orc: D:9-12

Altars:
Cheibriados
Dithmenos
Elyvilon
Gozag
Hepliaklqana
Kikubaaqudgha
Makhleb
Okawaru
Qazlal
Ru
Sif Muna
Vehumet
Xom

Portals:
Ice
Cave: D:11


Innate Abilities, Weirdness & Mutations

You have a beak for a mouth.
You have claws for feet.
You can fly.


Message History

The ice devil is moderately wounded.
The ice devil hits you but does no damage.
The ice devil hits you. The ice devil freezes you!!
The searing ray misses the ice devil.
You finish channeling your searing ray.
The ice devil hits you but does no damage. x2
The ice devil hits you! The ice devil freezes you!
* * * LOW HITPOINT WARNING * * *
There is an open door, spattered with blood here.
Casting: Searing Ray (safe; 4% risk of failure)
Confirm with . or Enter, or press ? or * to list all spells.
Aiming: Searing Ray (safe; 4% risk of failure)
Press: ? - help, Shift-Dir - straight line, f/p - ice devil
Aim: an ice devil (moderately wounded)
The searing ray hits the ice devil.
The ice devil is moderately wounded. (Press . to maintain the ray.)
The ice devil hits you.
* * * LOW HITPOINT WARNING * * *
The ice devil freezes you!
You die...

#......
####....#
#.......#
#.......#
#.......#
#...<...#
###.......#
#.........#
#@#.......#
#4#########
#4# # #.###
..#
#.'.##....#
#.#......∩#
.
#.+?##....#
#. #####
...# #.# ##
#..


You could see 2 ice devils.

Vanquished Creatures
  A two-headed ogre (D:10)
  The ghost of holysushi the Magician, a novice GnWr of Okawaru (D:10)
  A centaur skeleton (D:10)
  A troll (D:9)
  2 hippogriffs
  A centaur simulacrum (D:10)
  Sigmund (D:2)
  2 wyverns
  The ghost of mattiecakes the Chopper, an amateur HOMo (D:4)
  8 yaks
  A hungry ghost (D:7)
  Menkaure (D:6)
  A water moccasin (D:6)
  4 porcupines (D:8)
  4 orc warriors
  3 ice beasts
  A sky beast (D:7)
  5 phantoms
  A black bear (D:7)
  6 ogres
  5 centaurs
  2 crocodiles
  3 elf zombies (Ossuary)
  A big kobold (D:10)
  3 bullfrogs (D:8)
  A wyvern skeleton (D:4)
  2 scorpions (D:8)
  A water moccasin zombie (D:8)
  A water moccasin skeleton (D:4)
  14 killer bees
  4 wights
  3 spectral bullfrogs (D:10)
  2 bullfrog zombies
  4 centaur zombies
  A howler monkey (D:6)
  3 crimson imps
  A quasit (D:9)
  2 orc priests
  9 orc wizards
  6 hounds
  3 jellies
  2 bullfrog skeletons
  3 human zombies (Ossuary)
  Crazy Yiuf (D:5)
  Terence (D:3)
  3 iguanas
  6 worker ants
  2 big kobold zombies (Ossuary)
  A bullfrog simulacrum (D:10)
  2 hound zombies
  2 hound skeletons
  3 mummies (Ossuary)
  Robin (D:2)
  A howler monkey skeleton (D:5)
  7 adders
  4 shadow imps
  An ooze (D:6)
  2 worms
  2 adder skeletons
  4 adder zombies (Ossuary)
  A dart slug (D:4)
  11 leopard geckos
  32 orcs
  5 giant cockroaches
  14 goblins
  5 hobgoblins
  5 jackals
  12 kobolds
  A quokka (D:10)
  A ball python (D:3)
  4 bats
  A frilled lizard (D:1)
  2 goblin zombies (Ossuary)
  A hobgoblin zombie (Ossuary)
  3 jackal zombies (Ossuary)
  2 kobold zombies (Ossuary)
  A leopard gecko skeleton (D:4)
  An orc zombie (Ossuary)
  4 quokka zombies (Ossuary)
  6 rats
  7 rat zombies (Ossuary)
284 creatures vanquished.

Vanquished Creatures (others)
  33 fungi (D:8)
  7 plants (D:8)
40 creatures vanquished.

Grand Total: 324 creatures vanquished

Notes
Turn   | Place    | Note
-------+----------+-------------------------------------------
     0 | D:1      | zishaf the Tengu Conjurer began the quest for the Orb.
     0 | D:1      | Reached XP level 1. HP: 10/10 MP: 4/4
   160 | D:1      | Reached XP level 2. HP: 16/16 MP: 0/6
   173 | D:1      | Learned a level 2 spell: Searing Ray
   800 | D:2      | Noticed Sigmund
  1134 | D:2      | Noticed Robin
  1147 | D:2      | Reached skill level 1 in Fighting
  1148 | D:2      | Reached skill level 1 in Armour
  1221 | D:2      | Reached XP level 3. HP: 15/20 MP: 3/7
  1224 | D:2      | Reached skill level 6 in Conjurations
  1279 | D:2      | Killed Robin
  2131 | D:3      | Noticed Terence
  2138 | D:3      | HP: 1/20 [Terence/+0 hand axe of chopping (1)]
  2496 | D:3      | Killed Terence
  2496 | D:3      | Reached XP level 4. HP: 13/25 MP: 3/8
  2892 | D:3      | Gained mutation: You can fly. [Tengu growth]
  2892 | D:3      | Reached XP level 5. HP: 20/30 MP: 5/9
  2902 | D:3      | Reached skill level 7 in Conjurations
  3830 | D:4      | Noticed a phantom
  3869 | D:4      | Killed a phantom
  3869 | D:4      | Reached XP level 6. HP: 21/36 MP: 0/10
  4186 | D:4      | Learned a level 4 spell: Iskenderun's Mystic Blast
  4285 | D:4      | Noticed a phantom
  4299 | D:4      | Killed a phantom
  4299 | D:4      | Reached skill level 8 in Conjurations
  4427 | D:4      | Found a runed gate.
  4427 | D:4      | Found a runed gate.
  4427 | D:4      | Found a runed gate.
  4427 | D:4      | Noticed mattiecakes's ghost (amateur HOMo)
  4455 | D:4      | Reached XP level 7. HP: 32/41 MP: 11/11
  4886 | D:4      | Found a staircase to the Ecumenical Temple.
  4979 | Temple   | Entered the Ecumenical Temple
  5006 | Temple   | Became a worshipper of Vehumet
  5109 | D:5      | Entered Level 5 of the Dungeon
  5473 | D:5      | Found a shimmering altar of Xom.
  5597 | D:5      | Found a runed door.
  5828 | D:5      | Noticed Crazy Yiuf
  5831 | D:5      | Killed Crazy Yiuf
  6396 | D:2      | Killed Sigmund
  6396 | D:2      | Reached XP level 8. HP: 46/48 MP: 5/14
  6519 | D:6      | Reached skill level 5 in Armour
  6775 | D:6      | Reached skill level 5 in Fighting
  6796 | D:6      | Reached * piety under Vehumet
  6796 | D:6      | Offered knowledge of Sting by Vehumet.
  6956 | D:6      | Found a sand-covered staircase.
  6965 | Ossuary  | Entered an ossuary
  7737 | Ossuary  | Reached XP level 9. HP: 55/56 MP: 0/16
  8172 | Ossuary  | Reached ** piety under Vehumet
  8172 | Ossuary  | Offered knowledge of Throw Flame by Vehumet.
  8187 | Ossuary  | Learned a level 2 spell: Throw Flame
  8365 | D:6      | Noticed Menkaure
  8371 | D:6      | Killed Menkaure
  8635 | D:7      | Reached skill level 1 in Fire Magic
  9174 | D:7      | Reached skill level 1 in Shields
  9188 | D:7      | Reached skill level 9 in Conjurations
 10068 | D:8      | Reached skill level 5 in Spellcasting
 10180 | D:8      | Reached XP level 10. HP: 60/63 MP: 15/18
 10244 | D:8      | Offered knowledge of Conjure Flame by Vehumet.
 10799 | D:8      | Learned a level 3 spell: Conjure Flame
 10855 | D:8      | Reached *** piety under Vehumet
 11025 | D:8      | Found a staircase to the Lair.
 11375 | D:8      | Reached skill level 10 in Conjurations
 11992 | D:9      | Reached skill level 5 in Fire Magic
 12250 | D:9      | Offered knowledge of Ignite Poison by Vehumet.
 12668 | D:9      | Got an ominously black robe
 12692 | D:9      | Found an ancient bone altar of Kikubaaqudgha.
 12703 | D:9      | Identified the +0 robe of Melancholy {rCorr} (You found it
                  | on level 9 of the Dungeon)
 13419 | D:10     | Entered Level 10 of the Dungeon
 13423 | D:10     | Noticed a two-headed ogre
 13627 | D:10     | Reached XP level 11. HP: 58/69 MP: 5/19
 13953 | D:10     | Reached skill level 5 in Dodging
 14028 | D:10     | Reached skill level 11 in Conjurations
 14116 | D:10     | Reached **** piety under Vehumet
 14298 | D:10     | Offered knowledge of Lightning Bolt by Vehumet.
 14530 | D:10     | Learned a level 5 spell: Lightning Bolt
 14578 | D:10     | Reached skill level 1 in Air Magic
 14625 | D:10     | Reached skill level 1 in Evocations
 14943 | D:10     | Killed a two-headed ogre
 15247 | D:10     | Found a runed gate.
 15247 | D:10     | Found a runed gate.
 15247 | D:10     | Found a runed gate.
 15249 | D:10     | Noticed holysushi's ghost (novice GnWr)
 15659 | D:4      | Killed mattiecakes's ghost
 16123 | D:10     | Killed holysushi's ghost
 16361 | D:11     | Noticed a cyclops
 16635 | D:11     | Found a frozen archway.
 16650 | D:11     | Slain by an ice devil

Vault maps used:
D:1:      minmay_arrival_hallway
D:2:      uniq_sigmund, uniq_robin
D:3:      kennysheep_generic_room_4, uniq_terence
D:4:      minmay_temple_entry_enclosed_plants, gammafunk_ghost_necromancy
D:5:      first_ration, basic_altar, uniq_crazy_yiuf_cottage
D:6:      nicolae_ossuary_entry_ruins, minmay_misc_feat_doors, uniq_menkaure
D:8:      due_lair_maze_entry_diamond
D:9:      lemuel_round_altar, grunt_ogre_cave
D:10:     gammafunk_ghost_necromancy, minmay_misc_feat_four_crosses
D:11:     portal_ice_cave_demonic_guard, basic_altar, serial_shops, shop,
          kennysheep_donut
Temple:   compressed_dpeg_triangle_lava_temple
Ossuary:  minmay_ossuary_two_tombs

Skill      XL: |  1  2  3  4  5  6  7  8  9 10 11 |
---------------+----------------------------------+-----
Fighting       | 1 2 3 4 6 7 8 9 |  9.4
Armour         | 1 2 3 4 7 8 |  8.0
Conjurations   | 6 7 8 9 10 11 | 11.6
Spellcasting   | 3 4 5 |  5.0
Fire Magic     | 3 5 6 |  6.2
Shields        | 2 4 |  4.0
Dodging        | 4 6 |  6.3
Air Magic      | 3 |  3.6
Evocations     | 2 |  2.0
Stealth        | |  2.0

Action                   |  1- 3 |  4- 6 |  7- 9 | 10-12 || total
-------------------------+-------+-------+-------+-------++-------
Melee: Unarmed           |    26 |       |       |       ||    26
       Peck              |    11 |     9 |    48 |    11 ||    79
       Kick              |    10 |    21 |    72 |    22 ||   125
       Whip              |    31 |    72 |   244 |    80 ||   427
 Cast: Magic Dart        |    32 |    39 |   227 |   259 ||   557
       Searing Ray       |     5 |     2 |    28 |    71 ||   106
       Iskenderun's Myst |       |       |     4 |     3 ||     7
       Conjure Flame     |       |       |       |     3 ||     3
Evoke: Lightning rod     |       |       |       |     4 ||     4
  Use: Scroll            |       |       |     5 |     1 ||     6
 Stab: Sleeping          |     1 |       |     1 |     1 ||     3
  Eat: Chunk             |     4 |    17 |    23 |    17 ||    61
       Ration            |     1 |       |       |       ||     1
Armor: Ring mail         |    20 |    34 |   155 |   150 ||   359
       Robe              |     1 |       |       |       ||     1
Dodge: Dodged            |    37 |    48 |   213 |   171 ||   469
Block: Buckler           |       |       |     8 |    86 ||    94

Table legend:
 A = Non-vault XP
 B = Vault XP
 C = Vault XP percentage of total XP
 D = Non-vault monster count
 E = Vault monster count
 F = Vault count percentage of total count
                 A         B        C        D         E       F
            +---------+---------+-------+---------+---------+-------
      Total |   11397 |    3912 |  25.6 |     212 |      72 |  25.4
            +---------+---------+-------+---------+---------+-------
        D:1 |      25 |       0 |   0.0 |      15 |       0 |   0.0
        D:2 |       8 |     255 |  97.0 |       4 |      11 |  73.3
        D:3 |     149 |      39 |  20.7 |      28 |       2 |   6.7
        D:4 |     466 |     349 |  42.8 |       9 |       4 |  30.8
        D:5 |     273 |      39 |  12.5 |       8 |       1 |  11.1
        D:6 |     885 |     172 |  16.3 |      26 |       1 |   3.7
        D:7 |    1490 |       0 |   0.0 |      30 |       0 |   0.0
        D:8 |    1582 |    1017 |  39.1 |      37 |       9 |  19.6
        D:9 |    2074 |     118 |   5.4 |      23 |       1 |   4.2
       D:10 |    4317 |    1277 |  22.8 |      30 |       6 |  16.7
       D:11 |     128 |       0 |   0.0 |       2 |       0 |   0.0
    Ossuary |       0 |     646 | 100.0 |       0 |      37 | 100.0
            +---------+---------+-------+---------+---------+-------
